 Dungeon Crawl Stone Soup version 0.29.0-13-gc9e81de378 (webtiles) character file.

Game seed: 3765159290059098397

7571 gelatine the Thaumaturge (level 10, -10/74 HPs)
             Began as a Demonspawn Fire Elementalist on Sept 9, 2022.
             Was a Believer of Vehumet.
             Mangled by a sun demon (14 damage)
             ... summoned by a kobold demonologist
             ... on level 9 of the Dungeon.
             The game lasted 00:30:00 (11600 turns).

gelatine the Thaumaturge (DsFE)                    Turns: 11600, Time: 00:30:01

Health: -10/74     AC: 10    Str: 18      XL:     10   Next: 97%
Magic:  16/31      EV: 13    Int: 21      God:    Vehumet [**....]
Gold:   423        SH:  0    Dex: 10 (11) Spells: 17/25 levels left

rFire   . . .      SeeInvis +   E - +2 great sword of Articulation {drain, Str+10 Dex-3 SInv}
rCold   . . .      Faith    .   (shield currently unavailable)
rNeg    . . .      Spirit   .   p - +3 leather armour
rPois   .          Reflect  .   t - +0 helmet
rElec   .          Harm     .   o - +0 cloak
rCorr   .          Rampage  .   L - +0 pair of gloves
Will    .....                   (boots unavailable)
Stlth   ++........              (no amulet)
HPRegen 0.22/turn               u - ring of magical power
MPRegen 0.44/turn               e - ring of wizardry

@: no status effects
A: hooves 3, powered by death 1, magic regeneration, weakness stinger 1
a: Renounce Religion


You were on level 9 of the Dungeon.
You worshipped Vehumet.
Vehumet was pleased with you.
You visited 2 branches of the dungeon, and saw 10 of its levels.

You collected 443 gold pieces.
You spent 20 gold pieces at shops.

Inventory:

Hand Weapons
 k - a +1 vampiric dagger
 q - a +2 dagger of flaming
 A - a +1 vorpal long sword
 E - the +2 great sword of Articulation (weapon) {drain, Str+10 Dex-3 SInv}
   (You found it on level 7 of the Dungeon)

   A truly terrible weapon, it drains the life of any living foe it strikes.
   Str:       It affects your strength (+10).
   Dex:       It affects your dexterity (-3).
   SInv:      It lets you see invisible.
 J - a +0 shortbow of flaming
Armour
 a - a +0 robe
 o - a +0 cloak (worn)
 p - a +3 leather armour (worn)
 r - a +0 buckler
 s - a +0 leather armour of cold resistance
 t - a +0 helmet (worn)
 F - the +1 chain mail of the Thirteen Moons {rCorr}
   (You found it on level 7 of the Dungeon)

   rCorr:     It protects you from acid and corrosion.
 L - a +0 pair of gloves (worn)
 O - a +2 robe of willpower
Magical Staves
 y - a staff of fire
 G - a staff of poison
Jewellery
 c - a ring of see invisible
 e - a ring of wizardry (right hand)
 g - a ring of positive energy
 u - a ring of magical power (left hand)
Wands
 l - a wand of iceblast (16)
 K - a wand of flame (15)
Scrolls
 v - a scroll of enchant weapon
 w - a scroll of poison
 x - a scroll of summoning {unknown}
 C - a scroll of noise {unknown}
 D - a scroll of vulnerability {unknown}
 N - a scroll of teleportation {unknown}
Potions
 b - 4 potions of might {unknown}
 d - 3 potions of mutation {unknown}
 f - a potion of degeneration {unknown}
 h - 3 potions of curing
 i - 2 potions of flight {unknown}
 j - 2 potions of lignification {unknown}
 m - 4 potions of haste {unknown}
 z - 2 potions of resistance {unknown}
 B - a potion of invisibility {unknown}
 M - a potion of magic
Miscellaneous
 H - a phial of floods (inert)
 I - a tin of tremorstones (inert)


   Skills:
 * Level 5.4 Fighting
 + Level 0.8(2.1) Short Blades
 * Level 3.0(3.1) Long Blades
 + Level 0.3 Staves
 + Level 4.1 Armour
 + Level 4.9 Dodging
 + Level 2.7 Stealth
 + Level 3.7 Shields
 + Level 8.0 Spellcasting
 + Level 5.4 Conjurations
 + Level 7.6 Fire Magic
 + Level 2.3 Evocations


You had 17 spell levels left.
You knew the following spells:

 Your Spells              Type           Power      Damage    Failure   Level
a - Foxfire               Conj/Fire      100%       2x1d9     1%          1
b - Scorch                Fire           80%        2d9       1%          2
c - Flame Wave            Conj/Fire      35%        2d10      2%          4
d - Freeze                Ice            32%        1d5       4%          1

Your spell library contained the following spells:

 Spells                   Type           Power      Damage    Failure   Level
 Static Discharge         Conj/Air       19%        3-6/arc   1%          2
 Conjure Flame            Conj/Fire      35%        6-21      1%          3
 Inner Flame              Hex/Fire       24%        N/A       2%          3
 Sandblast                Erth           16%        2d6       4%          1
 Stone Arrow              Conj/Erth      38%        3d9       4%          3
 Passwall                 Tmut/Erth      6%         N/A       6%          2
 Leda's Liquefaction      Hex/Erth       4%         N/A       34%         4
 Lee's Rapid Deconstruct  Erth           4%         3d6*      67%         5
 Statue Form              Tmut/Erth      5%         N/A       99%         6


Dungeon Overview and Level Annotations

Branches:
Dungeon (9/15)             Temple (1/1) D:6            Lair (0/5) D:9
    Orc: D:9-12

Altars:
Ashenzari
Cheibriados
Dithmenos
Fedhas
Gozag
Hepliaklqana
Kikubaaqudgha
Makhleb
Nemelex Xobeh
Okawaru
Qazlal
Ru
Sif Muna
Trog
Uskayaw
Vehumet
Wu Jian
Xom
Yredelemnul

Shops:
D:1 ?   D:2 !

Annotations:
D:4 3 runed translucent doors, Brisketman's ghost, novice OpTm


Innate Abilities, Weirdness & Mutations

You have hooves in place of feet.
You regenerate a little health from kills.
You regenerate magic rapidly.
You have a small tail.


Message History

The orc warrior is heavily wounded.
The orc warrior's fire resistance burns away.
The orc warrior misses you.
An orc comes into view. It is wielding a +0 club.
The tremorstone explodes into fragments!
The burst of rock shards engulfs the sun demon!
The burst of rock shards engulfs the kobold brigand!
The burst of rock shards engulfs the orc warrior!!
You kill the orc warrior!
Vehumet accepts your kill.
You feel your power returning.
The burst of rock shards engulfs the kobold demonologist!
The burst of rock shards engulfs the kobold brigand!
The burst of rock shards engulfs you!
* * * LOW HITPOINT WARNING * * *
The tin is emptied!
You hear a shout! x4
The orc priest looks braver for a moment.
An orc comes into view. It is wielding a +0 dagger.
Aim the phial where?
Press: ? - help, Q - select action, (/) - cycle Shift-Dir - straight line, f - sun demon, p - kobold brigand
Aim: a sun demon (lightly wounded, summoned)
The torrent of water misses the sun demon.
The wave splashes down.
The sun demon is engulfed in water.
The kobold brigand is engulfed in water.
The kobold demonologist is engulfed in water.
You hear a shout! x2
The sun demon misses you. x2
You feel better.
A kobold demonologist comes into view. It is wielding a +0 dagger.
The kobold demonologist hits you but does no damage.
The sun demon hits you but does no damage.
You miss the kobold demonologist.
The kobold demonologist is moderately wounded.
The kobold demonologist hits you but does no damage.
The sun demon hits you!
* * * LOW HITPOINT WARNING * * *
You are engulfed in flames!
You die...

....# #...# ....# #.).#
....# #...# .>..# #...#
>...# #...# ....# #...#
....# #...# ....#
#...#######.# ....#
#...~~@)....#
..............K3KK....#
.....######...Ko~.....#
## #.o...........
#.o..........#
#...<........#
.K............#
.#.......$....#


You could see a sun demon (summoned, waterlogged), 2 kobold demonologists, 2
kobold brigands, an orc priest, 2 orcs and a kobold.

Vanquished Creatures
  A manticore (D:7)
  Psyche (D:8)
  A kobold demonologist (D:9)
  A troll (D:7)
  A hornet (D:8)
  Grinder (D:5)
  5 yaks (D:9)
  Eustachio (D:5)
  Grum (D:9)
  6 water moccasins
  3 orc warriors
  An ice beast (D:7)
  Duvessa (D:5)
  5 sky beasts
  2 black bears
  3 ogres
  3 wolves (D:9)
  9 centaurs
  2 phantoms (D:5)
  A gnoll sergeant (D:8)
  4 bullfrogs
  17 wights
  Dowan (D:5)
  A howler monkey (D:6)
  2 hounds
  A jelly (D:5)
  3 orc priests (D:4)
  A gnoll bouda (D:8)
  6 iguanas
  3 orc wizards
  9 gnolls
  9 adders
  2 river rats (D:6)
  2 shadow imps (D:6)
  A white imp (D:8)
  An ufetubus (D:5)
  2 worms
  A dart slug (D:3)
  32 orcs
  4 bats
  10 endoplasms
  3 giant cockroaches
  11 goblins
  5 hobgoblins
  2 jackals (D:3)
  3 quokkas
  6 ball pythons
  3 frilled lizards (D:3)
  4 kobolds
  6 rats
204 creatures vanquished.

Vanquished Creatures (others)
  751 foxfires
  11 fungi (D:9)
  2 plants (D:9)
764 creatures vanquished.

Grand Total: 968 creatures vanquished

Notes
Turn   | Place    | Note
-------+----------+-------------------------------------------
     0 | D:1      | gelatine the Demonspawn Fire Elementalist began the quest
                  | for the Orb.
     0 | D:1      | Reached XP level 1. HP: 13/13 MP: 3/3
   280 | D:1      | Found Todghudo's Magic Scroll Shop.
   321 | D:1      | Bought a scroll of identify for 20 gold pieces
   328 | D:1      | Discovered your monstrous ancestry.
   328 | D:1      | Gained mutation: You have large cloven feet. [demonic
                  | ancestry]
   328 | D:1      | Reached XP level 2. HP: 11/19 MP: 0/5
  1317 | D:1      | Reached XP level 3. HP: 24/24 MP: 3/6
  1352 | D:1      | Found a faded altar of an unknown god.
  1865 | D:2      | Found Luuzuuf's Distillery.
  2503 | D:3      | Learned a level 2 spell: Scorch
  2652 | D:3      | Found a snail-covered altar of Cheibriados.
  2658 | D:3      | Gained mutation: You have a small tail. [demonic ancestry]
  2658 | D:3      | Reached XP level 4. HP: 30/30 MP: 1/7
  2818 | D:3      | Noticed a +0 falchion
  2818 | D:3      | Noticed a +0 short sword
  2819 | D:3      | Noticed a +0 short sword
  2819 | D:3      | Noticed a +0 dagger
  2820 | D:3      | Noticed a +0 spear
  2820 | D:3      | Noticed a +0 falchion
  2821 | D:3      | Noticed a +0 dagger
  2824 | D:3      | Noticed a +0 spear
  2906 | D:3      | Found a hide-covered altar of Uskayaw.
  3159 | D:3      | Found a stormy altar of Qazlal.
  3432 | D:3      | Noticed an ogre
  3439 | D:3      | Killed an ogre
  3440 | D:3      | Reached skill level 3 in Spellcasting
  3440 | D:3      | Gained mutation: You have hoof-like feet. [demonic
                  | ancestry]
  3440 | D:3      | Reached XP level 5. HP: 31/35 MP: 0/9
  3777 | D:4      | Found a sacrificial altar of Ru.
  3820 | D:4      | Found a runed translucent gate.
  3821 | D:4      | Found a runed translucent gate.
  3822 | D:4      | Found a runed translucent gate.
  3823 | D:4      | Noticed Brisketman's ghost (novice OpTm)
  3826 | D:4      | Noticed an orc warrior
  3885 | D:4      | Reached XP level 6. HP: 19/42 MP: 5/11
  4534 | D:4      | Reached skill level 4 in Spellcasting
  4780 | D:4      | HP: 1/42 [orc/+0 club (4)]
  5534 | D:5      | Entered Level 5 of the Dungeon
  5594 | D:5      | Reached skill level 1 in Armour
  5813 | D:5      | Noticed Grinder
  5819 | D:5      | Killed Grinder
  5820 | D:5      | Reached skill level 1 in Fighting
  5820 | D:5      | Gained mutation: You have hooves in place of feet. [demonic
                  | ancestry]
  5820 | D:5      | Reached XP level 7. HP: 37/48 MP: 13/13
  5924 | D:5      | Reached skill level 1 in Shields
  6179 | D:5      | Learned a level 4 spell: Flame Wave
  6403 | D:5      | Reached skill level 5 in Fire Magic
  6438 | D:5      | Reached XP level 8. HP: 56/56 MP: 15/15
  6507 | D:5      | Noticed Duvessa
  6513 | D:5      | Noticed Eustachio
  6514 | D:5      | Noticed Dowan
  6516 | D:5      | Killed Duvessa
  6517 | D:5      | Reached skill level 5 in Spellcasting
  6865 | D:5      | Killed Eustachio
  7047 | D:5      | Killed Dowan
  7324 | D:5      | Found a burning altar of Makhleb.
  7324 | D:5      | Found a broken altar of Ashenzari.
  7796 | D:6      | Gained mutation: You regenerate magic rapidly. [demonic
                  | ancestry]
  7796 | D:6      | Reached XP level 9. HP: 54/64 MP: 17/17
  7904 | D:6      | Found a staircase to the Ecumenical Temple.
  7946 | Temple   | Entered the Ecumenical Temple
  8114 | Temple   | Became a worshipper of Vehumet
  8148 | D:6      | Found an ornate altar of the Wu Jian Council.
  8516 | D:7      | Noticed a purple ugly thing
  8572 | D:7      | Reached skill level 6 in Spellcasting
  8673 | D:7      | Reached skill level 1 in Evocations
  8979 | D:7      | Reached * piety under Vehumet
  8979 | D:7      | Offered knowledge of Freeze by Vehumet.
  8984 | D:7      | Learned a level 1 spell: Freeze
  9003 | D:7      | Noticed a troll
  9009 | D:7      | Killed a troll
  9021 | D:7      | Noticed a manticore
  9026 | D:7      | Killed a manticore
  9027 | D:7      | Gained mutation: You regenerate a little health from kills.
                  | [demonic ancestry]
  9027 | D:7      | Reached XP level 10. HP: 73/73 MP: 20/20
  9146 | D:7      | Identified the +2 great sword of Articulation {drain,
                  | Str+10 Dex-3 SInv}
  9146 | D:7      | Identified the +1 chain mail of the Thirteen Moons {rCorr}
  9388 | D:8      | Noticed Psyche
  9400 | D:8      | Killed Psyche
  9401 | D:8      | Reached skill level 7 in Spellcasting
  9841 | D:8      | Reached skill level 1 in Long Blades
 10339 | D:8      | HP: 1/73 [shot self (8)]
 10354 | D:8      | Reached skill level 5 in Fighting
 11046 | D:9      | Reached skill level 5 in Conjurations
 11055 | D:9      | Noticed Grum
 11062 | D:9      | Offered knowledge of Static Discharge by Vehumet.
 11065 | D:9      | Reached ** piety under Vehumet
 11068 | D:9      | Killed Grum
 11402 | D:9      | Found a staircase to the Lair.
 11584 | D:9      | Reached skill level 8 in Spellcasting
 11594 | D:9      | Noticed a sun demon
 11600 | D:9      | Mangled by a sun demon

Illustrated notes

Levels and vault maps discovered:
D:1:      dpeg_arrival_radiant, layout_basic, shapermc_ecumenical_altar_venn,
          serial_shops, shop_fountains
D:2:      layout_basic, serial_shops, shop, chequers_serial_rivers_large_b
D:3:      layout_basic, slow_altar_1, nicolae_uskayaw_en_pointe,
          nicolae_overflow_crystal_walls, minmay_statues_item
D:4:      layout_gridville, mainiacjoe_overflow_boulevard,
          gammafunk_ghost_split, kennysheep_generic_room_5
D:5:      layout_loops_corners, gammafunk_temple_overflow_pools, uniq_duvessa,
          uniq_grinder, uniq_eustachio
D:6:      layout_rooms, kennysheep_mini, nicolae_wu_jian_wuxing_cycle,
          minmay_temple_entry_gardened_gates, portal_sewer_entry_a
D:7:      minmay_the_grid_four_pointed_star
          [minmay_the_grid_triangle_9x9_wacky_v,
          minmay_the_grid_triangle_9x9_zippers_horizontal,
          minmay_the_grid_triangle_9x9_sprig,
          minmay_the_grid_triangle_9x9_zippers_vertical,
          minmay_the_grid_prize_shrinking_boxes], layout_cave_pools,
          st_stairs_9, lightli_corner_chamber
D:8:      layout_loops_corners, uniq_psyche
D:9:      layout_long_grid, grunt_lair_entry_orc_guard_hut, hiddenorc1_lemuel,
          uniq_grum
Temple:   nicolae_temple_bog_church

Skill      XL: |  1  2  3  4  5  6  7  8  9 10 |
---------------+-------------------------------+-----
Fire Magic     | 3 4 5 6 7 |  7.6
Dodging        | 2 3 4 |  4.9
Stealth        | 2 |  2.7
Conjurations   | 2 3 4 5 |  5.4
Spellcasting   | 3 4 5 6 8 |  8.0
Armour         | 1 2 3 4 |  4.1
Fighting       | 1 2 3 4 5 |  5.4
Shields        | 1 2 3 |  3.7
Evocations     | 2 |  2.3
Long Blades    | 3 |  3.0
Short Blades   | |  0.8
Staves         | |  0.3

Action                   |  1- 3 |  4- 6 |  7- 9 | 10-12 || total
-------------------------+-------+-------+-------+-------++-------
Melee: Unarmed           |     5 |       |       |       ||     5
       Dagger            |     3 |    31 |    15 |       ||    49
       Kick              |       |     4 |     3 |    11 ||    18
       Tailslap          |       |     3 |     4 |     5 ||    12
       Staff             |       |       |     7 |     3 ||    10
       Great sword       |       |       |       |    45 ||    45
 Cast: Foxfire           |    88 |   147 |   177 |    48 ||   460
       Scorch            |       |    19 |    69 |    50 ||   138
       Flame Wave        |       |       |       |     7 ||     7
Evoke: Wand              |       |       |       |     4 ||     4
       Tin of tremorston |       |       |       |     2 ||     2
       Phial of floods   |       |       |       |     1 ||     1
  Use: Scroll            |     1 |     6 |     3 |     3 ||    13
       Potion            |       |     3 |     1 |     3 ||     7
Armor: Robe              |     2 |     1 |       |       ||     3
       Leather armour    |       |    13 |    25 |    41 ||    79
       Skin              |       |       |       |     8 ||     8
Dodge: Dodged            |    11 |    23 |    68 |   106 ||   208
Block: Buckler           |       |       |    20 |       ||    20
